 Dungeon Crawl Stone Soup version 0.24.0-125-gc4c63601f3 (webtiles) character file.

Game seed: 2734099139567975153, levelgen mode: deterministic

377 Johnny the Poker (level 6, -4/53 HPs)
             Began as a Demigod Gladiator on Feb 17, 2020.
             Killed by divine providence
             ... invoked by an orc priest
              (10 damage)
             ... on level 4 of the Dungeon.
             The game lasted 00:02:31 (3128 turns).

Johnny the Poker (Demigod Gladiator)                Turns: 3128, Time: 00:02:31

Health: -4/53      AC:  7    Str: 19 (21) XL:     6   Next: 20%
Magic:  8/8        EV: 11    Int: 12      God:
Gold:   170        SH:  0    Dex: 16 (17) Spells: 5/5 levels left

rFire    . . .     SeeInvis .   a - +1 trident
rCold    . . .     Gourm    .   (no shield)
rNeg     . . .     Faith    .   o - +0 scale mail
rPois    .         Spirit   .   c - +0 helmet
rElec    .         Reflect  .   (no cloak)
rCorr    .         Harm     .   (no gloves)
MR       .....                  (no boots)
Stlth    ..........             (no amulet)
HPRegen  0.17/turn              (no ring)
MPRegen  0.11/turn              (no ring)

@: lethally poisoned (-4 -> -8)
A: high mp 1
a: no special abilities


You were on level 4 of the Dungeon.
You were hungry.

You visited 1 branch of the dungeon, and saw 5 of its levels.

You collected 170 gold pieces.

Inventory:

Hand Weapons
 a - a +1 trident (weapon)
Missiles
 d - 3 throwing nets (quivered)
Armour
 c - a +0 helmet (worn)
 o - a +0 scale mail (worn)
Scrolls
 b - a scroll of fear {unknown}
 h - a scroll of enchant armour {unknown}
 j - a scroll of enchant weapon
 k - 3 scrolls of random uselessness
 l - a scroll of teleportation
 m - 2 scrolls of remove curse
 n - 4 scrolls of identify {unknown}
 s - 2 scrolls of magic mapping
 t - a scroll of amnesia {unknown}
 w - a scroll of immolation {unknown}
Potions
 e - a potion of heal wounds {unknown}
 g - a potion of agility
 i - a potion of degeneration
 p - a potion of mutation {unknown}
 q - a potion of curing {unknown}
 r - 2 potions of brilliance {unknown}
 v - a potion of flight {unknown}
Comestibles
 f - 7 rations


   Skills:
 + Level 4.6 Fighting
 + Level 5.1 Polearms
 - Level 1.7 Throwing
 - Level 2.6 Dodging


You had 5 spell levels left.
You didn't know any spells.
Your spell library was empty.

Dungeon Overview and Level Annotations

Branches:
Dungeon (5/15)
 Temple: D:4-7


Innate Abilities, Weirdness & Mutations

You have an increased reservoir of magic. (+10% MP)


Message History

You feel sick. The orc hits you but does no damage.
The quokka twitches its whiskers.
You hit the orc but do no damage.
The orc is lightly wounded.
You feel sick. The orc hits you but does no damage.
You barely miss the orc.
The orc is lightly wounded.
You feel sick. The orc hits you but does no damage.
You hit the orc.
The orc is almost dead.
You feel sick. The orc closely misses you.
You hit the orc.
You kill the orc!
You feel sick.
The orc priest begins to cast a cantrip, but forgets the words!
You puncture the quokka!
You kill the quokka!
The orc priest calls down the wrath of Beogh upon you.
Beogh smites you!
You die...

. . ####.# ...##.#.
...##....
........############.#
...##.#..ooo.al)@....#
...##....o############
#.###.#.#.###
..#Z......†.#
#o..#.#####o#
#...#.##...s#
##.##...?Zr##
#..oo...oo#
#.##..l...#


You could see a worker ant, 2 orc priests, 2 orcs and a leopard gecko.

Vanquished Creatures
  A scorpion (D:4)
  2 howler monkeys (D:4)
  A crimson imp (D:5)
  A hound (D:5)
  An iguana (D:5)
  A worker ant (D:5)
  A gnoll (D:1)
  4 adders (D:2)
  A shadow imp (D:5)
  An adder skeleton (D:4)
  2 dart slugs
  4 leopard geckos
  13 orcs
  4 ball pythons
  3 bats
  4 giant cockroaches
  8 goblins
  2 hobgoblins (D:1)
  3 jackals (D:1)
  A quokka (D:4)
  4 frilled lizards
  4 kobolds
  4 rats
70 creatures vanquished.

Vanquished Creatures (others)
  An orc priest (D:5)
  A shadow imp (D:5)
  3 orcs (D:5)
5 creatures vanquished.

Grand Total: 75 creatures vanquished

Notes
Turn   | Place    | Note
-------+----------+-------------------------------------------
     0 | D:1      | Johnny the Demigod Gladiator began the quest for the Orb.
     0 | D:1      | Reached XP level 1. HP: 17/17 MP: 3/3
    41 | D:1      | Reached skill level 3 in Polearms
    49 | D:1      | Reached XP level 2. HP: 21/24 MP: 4/4
   529 | D:1      | Reached XP level 3. HP: 28/30 MP: 5/5
   893 | D:2      | Found an opulent altar of Gozag.
  1227 | D:2      | Reached XP level 4. HP: 38/38 MP: 6/6
  1661 | D:5      | Entered Level 5 of the Dungeon
  1666 | D:5      | Reached skill level 4 in Polearms
  1960 | D:5      | Reached XP level 5. HP: 42/46 MP: 7/7
  2501 | D:5      | Found a shadowy altar of Dithmenos.
  2603 | D:5      | Found a sacrificial altar of Ru.
  3106 | D:4      | Reached XP level 6. HP: 29/53 MP: 8/8
  3119 | D:4      | Reached skill level 5 in Polearms
  3128 | D:4      | Killed from afar by an orc priest

Levels and vault maps discovered:
D:1:      lightli_arrival_lavapool, layout_rooms
D:2:      layout_loops_ring, old_standard_altar,
          hangedman_abyss_or_decor_lesser_grid
D:3:      layout_loops_ring, lemuel_coloured_pillars_altar, cheibriados_altar_1,
          lemuel_round_altar, chequers_ecumenical_altar_grove,
          grunt_qazlal_clouds
D:4:      layout_basic, makhleb_altar_promises_db, first_ration
D:5:      layout_basic, grunt_dithmenos_shadows,
          nicolae_ru_the_path_less_chosen, lemuel_flamethrower_1

Skill      XL: |  1  2  3  4  5  6 |
---------------+-------------------+-----
Fighting       | 2 3 4 |  4.6
Polearms       | 3 4 5 |  5.1
Throwing       | |  1.7
Dodging        | |  2.6

Action                   |  1- 3 |  4- 6 || total
-------------------------+-------+-------++-------
Melee: Trident           |   129 |   150 ||   279
  Use: Scroll            |       |     6 ||     6
       Potion            |       |     2 ||     2
  Eat: Chunk             |     1 |     2 ||     3
       Ration            |       |     1 ||     1
Armor: Leather armour    |    27 |       ||    27
       Scale mail        |    22 |    73 ||    95
Dodge: Dodged            |    86 |   104 ||   190
